 Dungeon Crawl Stone Soup version 0.23.2-1-ga50397a (console) character file.

Game seed: 13295210242282697411

48 fly the Slasher (level 4, -2/33 HPs)
             Began as a Human Skald on Apr 27, 2019.
             Slain by a worm (10 damage)
             ... on level 2 of the Dungeon.
             The game lasted 00:04:44 (1600 turns).

fly the Slasher (Human Skald)                       Turns: 1600, Time: 00:04:44

Health: -2/33      AC:  4    Str: 11    XL:     4   Next: 0%
Magic:  7/7        EV: 12    Int: 12    God:
Gold:   82         SH:  0    Dex: 13    Spells: 6/7 levels left

rFire    . . .     SeeInvis .   a - +0 long sword
rCold    . . .     Gourm    .   (no shield)
rNeg     . . .     Faith    .   y - +0 leather armour
rPois    .         Spirit   .   (no helmet)
rElec    .         Reflect  .   q - +0 cloak
rCorr    .         Harm     .   (no gloves)
MR       .....                  (no boots)
Stlth    ++........             (no amulet)
HPRegen  0.11/turn              k - ring of stealth
MPRegen  0.10/turn              m - -2 ring of intelligence (curse)

@: no status effects
A: no striking features
a: no special abilities


You were on level 2 of the Dungeon.
You were hungry.

You visited 1 branch of the dungeon, and saw 3 of its levels.

You collected 82 gold pieces.

Inventory:

Hand Weapons
 a - a +0 long sword (weapon)
Armour
 q - a +0 cloak (worn)
 y - a +0 leather armour (worn)
Jewellery
 k - a ring of stealth (left hand)
 m - a cursed -2 ring of intelligence (right hand)
Scrolls
 b - a scroll of teleportation {unknown}
 c - a scroll of enchant armour {unknown}
 f - a scroll of remove curse {unknown}
 h - 2 scrolls of immolation {unknown}
 i - a scroll of amnesia {unknown}
 l - a scroll of identify {unknown}
 n - a scroll of fear {unknown}
Potions
 e - a potion of resistance {unknown}
 g - a potion of degeneration {unknown}
 j - a potion of magic {unknown}
Comestibles
 d - 3 rations


   Skills:
 - Level 2.0 Fighting
 + Level 3.1 Long Blades
 - Level 1.0 Armour
 + Level 3.1 Dodging
 - Level 2.0 Spellcasting
 - Level 3.0 Charms


You had 6 spell levels left.
You knew the following spells:

 Your Spells              Type           Power        Failure   Level  Hunger
z - Infusion              Chrm           #...         11%         1    ##.....

Your spell library contained the following spells:

 Spells                   Type           Power        Failure   Level  Hunger
 Song of Slaying          Chrm           #.......     16%         2    ###....
 Shroud of Golubria       Chrm/Tloc      #.........   28%         2    ###....
 Regeneration             Chrm/Necr      #.........   50%         3    ####...
 Spectral Weapon          Hex/Chrm       #.......     50%         3    ####...


Dungeon Overview and Level Annotations

Branches:
Dungeon (3/15)

Altars:
Fedhas

Annotations:
D:2 Terence


Message History

You barely miss the phantom.
The phantom is moderately damaged.
The phantom hits you.
* * * LOW HITPOINT WARNING * * *
The phantom closely misses you.
The phantom blinks!
There is a stone staircase leading up here.
You climb upwards.
Level annotation: Terence
There is a stone staircase leading down here.
Unknown command.
Unknown command.
You are feeling hungry.
You hit the worm.
The worm is moderately wounded.
Found a scroll labeled BIXKAO TUBYCRE.
You barely miss the worm.
The worm is moderately wounded.
The worm bites you!
You die...

#.....# ..... ##.....# .....
#......# ###. .....
#####......###.. #....
#.........###..#####? .....
#.........###........ .##...
#............)##.....
..#####
##.........##.....######(...
#..........#..@.............
#............w#..###...!.[.#
#............>..###.........
#..............####†........
####..#..........†..........
##..........####.>.......
###(.......####.........
########..............
######.....(...


You could see a worm.

Vanquished Creatures
  An ooze (D:1)
  A dart slug (D:2)
  2 leopard geckos
  An orc (D:3)
  3 ball pythons
  2 giant cockroaches
  A goblin (D:1)
  7 hobgoblins
  A jackal (D:1)
  A quokka (D:2)
  6 bats
  2 frilled lizards (D:1)
  3 kobolds
  4 rats
35 creatures vanquished.

Notes
Turn   | Place    | Note
-------+----------+-------------------------------------------
     0 | D:1      | fly the Human Skald began the quest for the Orb.
     0 | D:1      | Reached XP level 1. HP: 16/16 MP: 3/3
    47 | D:1      | Reached XP level 2. HP: 18/22 MP: 5/5
   520 | D:1      | Reached XP level 3. HP: 27/27 MP: 6/6
   792 | D:2      | Found a blossoming altar of Fedhas.
  1048 | D:2      | Noticed Terence
  1167 | D:2      | Noticed a phantom
  1518 | D:3      | Reached XP level 4. HP: 33/33 MP: 7/7
  1600 | D:2      | Slain by a worm

Skill      XL: |  1  2  3 |
---------------+----------+-----
Long Blades    | 3 |  3.1
Dodging        | 3 |  3.1
Fighting       | |  2.0
Armour         | |  1.0
Spellcasting   | |  2.0
Charms         | |  3.0

Action                   |  1- 3 |  4- 6 || total
-------------------------+-------+-------++-------
Melee: Falchion          |    91 |       ||    91
       Long sword        |    33 |    13 ||    46
 Stab: Sleeping          |     1 |       ||     1
  Eat: Chunk             |     2 |       ||     2
Armor: Leather armour    |    49 |     1 ||    50
Dodge: Dodged            |   113 |     5 ||   118
       Rpst.: Falchion   |    20 |       ||    20
       Long sword        |    19 |     1 ||    20
